VANDDFFN nn, lawful male human Samurai --------- $ |.......| $ $ ----------- |.......-####### $ * |.........| |.......| # ----------- ##..........| |.%.....| ### |.........| $$ |.........| -+-----+- # |.........| ----- $ |.........| # ###|.q.....>.| $* ##..#.| |.........| # #.d........| # |(..-# --------.-- # -d--------- $ ####|.#.|# ## # @M##### # |.##|# # --|----- % ### |(#.|### ### |......| ## # |.%.| # # |......| -|---------#%# ----- ### ### |....`.| |...+.....|# # ) |.......####################|.....<.).|# ### #### $ -------- #|..........# # ---.------- #----------- ##...(......| ################################0|.........| ----------- VANDDFFN nn the Ninja Experience level: 8 Strength: 11 Dexterity: 15 Constitution: 18 Intelligence: 9 Wisdom: 9 Charisma: 7 Health: 0(74) Energy: 34(34) AC: -4 Gold: 151 Moves: 4717 Your Inventory: Coins $ - 151 gold pieces Weapons a - a blessed +4 katana (weapon in hand) b - an uncursed +3 wakizashi c - an uncursed +0 yumi d - 38 uncursed +0 ya t - a blessed [+2] nunchaku [of reflection] W - a [blessed] rustproof [+0] long sword named Excalibur [Excalibur] (alternate weapon; not wielded) Y - an [uncursed +0] shito [of warning] Armor e - a blessed rustproof +4 splint mail (being worn) M - a blessed +1 orcish helm (being worn) Comestibles I - an uncursed tin [of spinach] J - an uncursed tin [of dwarf meat] K - an uncursed tin [of orc meat] O - 3 [uncursed] gunyoki Q - an [uncursed] fortune cookie Z - an [uncursed] lizard corpse Scrolls q - an uncursed scroll called light [of light] R - a [blessed] scroll of enchant armor Spellbooks X - an [uncursed] wide spellbook [of cure sickness] Potions F - a blessed potion called water [of holy water] S - an [uncursed] potion of object detection Rings V - a [cursed] glass ring [of hunger] Tools r - an uncursed [wax] candle Spells known in the end: Name Level Category Fail Memory Your skills at the end: Fighting Skills martial arts [Basic / Master] body armor [Basic / Expert] Weapon Skills short sword [Basic / Expert] long sword [Skilled / Expert] bow [Basic / Expert] Spellcasting Skills Final Attributes: You were piously aligned. Hunger level was 1092. Your alignment was 33 / 33. Monster difficulty range was 1 - 8. Level difficulty was 8. You were fast. Your luck was zero. Amaterasu Omikami was angry with you (1). You are dead. Vanquished creatures: a troll a giant beetle 3 winter wolf cubs a giant spider a black light a vampire bat an orc mummy a dwarf mummy an owlbear a Green-elf a lizard a dust vortex 3 apes a water nymph 6 mountain nymphs a rock mole 2 yellow lights a barrow wight a ghoul 2 giant ants a little dog a homunculus a kobold shaman 3 hill orcs 9 rothes 2 giant bats 2 orc zombies a werejackal an acid blob 4 coyotes a hobgoblin a cave spider a yellow mold 2 garter snakes 2 gnome zombies a gecko 8 jackals a fox 3 goblins 2 sewer rats 4 grid bugs 2 bats 2 lichens 2 kobold zombies 7 newts 95 creatures vanquished. Voluntary challenges: You used a wielded weapon 149 times. You read items or engraved 5 times. You put on armor 7 times. You never genocided any monsters. You never polymorphed an object. You never changed form. You used no wishes. You abstained from Elbereth's help. You never encountered a bones level. You never used any Sokoban shortcuts. Dungeon overview: The Dungeons of Doom: levels 1 to 9 Level 1 a fountain, a sink a long staircase Level 2 some fountains Level 3 an altar to Amaterasu Omikami, a fountain a long staircase Level 4 a general store Level 6 a fountain Level 7 some fountains, a sink Level 8 <- You were here many trees Level 9 many fountains History has recorded: On T:1 you entered the Dungeons of Doom to retrieve the Amulet of Yendor! On T:475 you reached level 2 of The Dungeons of Doom. On T:571 you advanced to experience level 2. On T:721 you reached level 3 of The Dungeons of Doom. On T:816 you advanced to experience level 3. On T:984 you reached level 4 of The Dungeons of Doom. On T:1751 you reached level 5 of The Dungeons of Doom. On T:1836 you advanced to experience level 4. On T:1941 you reached level 6 of The Dungeons of Doom. On T:1982 you advanced to experience level 5. On T:2577 you advanced to experience level 6. On T:2984 you reached level 7 of The Dungeons of Doom. On T:3000 you reached level 9 of The Dungeons of Doom. On T:3264 you advanced to experience level 7. On T:3282 you reached level 8 of The Dungeons of Doom. On T:4488 you advanced to experience level 8. Latest messages: [HP+1=14] [2 turns] You detect the presence of objects. Your movements are now unencumbered. The ettin mummy hits! (2x) [HP-2=12] You hit the rothe! The rothe hits! The rothe bites! (2x) [HP-3=9] You kill the rothe! The ettin mummy misses. The ettin mummy hits! [HP-5=4] You hit the rothe! You kill the rothe! The ettin mummy hits! The ettin mummy misses. [HP-1=3] You hit the ettin mummy! The ettin mummy misses. The ettin mummy hits! You die... Your body rises from the dead as a human mummy... Final status: Sayonara VANDDFFN nn the Samurai... You died in The Dungeons of Doom on dungeon level 8 with 6828 points, and 151 pieces of gold, after 4717 moves. You were level 8 with a maximum of 74 hit points when you died.